 Dungeon Crawl Stone Soup version 0.19-a0-231-gae044c8 (webtiles) character file.

5105 Lugonue the Cleaver (level 10, -1/93 HPs)
             Began as a Minotaur Gladiator on May 24, 2016.
             Was a Priest of Trog.
             Slain by a cyan ugly thing (13 damage)
             ... on level 9 of the Dungeon.
             The game lasted 00:18:28 (6495 turns).

Lugonue the Cleaver (Minotaur Gladiator)            Turns: 6495, Time: 00:18:29

Health: -1/93      AC:  9    Str: 24    XL:     10   Next: 32%
Magic:  9/9        EV: 12    Int:  5    God:    Trog [***...]
Gold:   371        SH:  0    Dex: 10    Spells: 0 memorised, 9 levels left

rFire  . . .     SeeInvis +     a - +1 war axe
rCold  . . .     Gourm    .     i - +0 ring mail
rNeg   . . .     Faith    .     (no shield)
rPois  .         Spirit   .     c - +0 hat
rElec  .         Dismiss  .     k - +1 cloak
rCorr  .         Reflect  .     (no gloves)
SustAt .         Harm     .     (no boots)
MR     .....                    (no amulet)
Stlth  ..........               (no ring)
                                e - ring of see invisible

@: exhausted, hasted and slowed, not resistant to hostile enchantments,
extremely unstealthy
A: retaliatory headbutt, horns 2
a: Berserk, Trog's Hand, Burn Spellbooks, Renounce Religion


You were on level 9 of the Dungeon.
You worshipped Trog.
Trog was most pleased with you.
You were not hungry.

You visited 2 branches of the dungeon, and saw 9 of its levels.

You collected 371 gold pieces.

Inventory:

Hand Weapons
 a - a +1 war axe (weapon)
Armour
 b - a +2 chain mail of fire resistance
 c - a +0 hat (worn)
 i - a +0 ring mail (worn)
 k - a +1 cloak (worn)
Jewellery
 e - a ring of see invisible (left hand)
Wands
 n - a wand of flame (48/48)
 s - a wand of random effects (24/48)
Scrolls
 d - a scroll of enchant armour
 g - 2 scrolls of remove curse
 m - 3 scrolls of identify
 q - 2 scrolls of fog
 t - 2 scrolls of recharging
Potions
 j - 2 potions of flight
 o - 2 potions of magic
 r - a potion of curing
Comestibles
 f - 3 bread rations
 l - a meat ration


   Skills:
 + Level 10.2 Fighting
 + Level 12.5 Axes
 - Level 2.0 Throwing
 + Level 9.2 Armour
 - Level 3.2 Dodging


You had 9 spell levels left.
You didn't know any spells.

Dungeon Overview and Level Annotations

Branches:
Dungeon (7/15)             Temple (1/1) D:4

Altars:
Ashenzari
Dithmenos
Elyvilon
Fedhas
Gozag
Hepliaklqana
Kikubaaqudgha
Makhleb
Nemelex Xobeh
Okawaru
Pakellas
Qazlal
Ru
Sif Muna
Trog
Ukayaw
Vehumet
Xom
Yredelemnul
Zin
The Shining One

Shops:
D:5 (   D:6 (   D:9 *


Innate Abilities, Weirdness & Mutations

You reflexively headbutt those who attack you in melee.
You have a pair of horns on your head.


Message History

You open the door.
The killer bee stings you but does no damage.
You are too injured to fight recklessly!
The killer bee stings you.
* * * LOW HITPOINT WARNING * * *
The killer bee stings you.
* * * LOW HITPOINT WARNING * * *
The killer bee barely misses you. You furiously retaliate!
You headbutt the killer bee!
There is an open door, spattered with blood here.
The killer bee stings you but does no damage.
The killer bee stings you!
* * * LOW HITPOINT WARNING * * *
A jelly comes into view.
Drink which item? (? for menu, Esc to quit)
You feel better. The killer bee closely misses you.
The killer bee stings you but does no damage.
Drink which item? (? for menu, Esc to quit)
You feel yourself speed up. The cyan ugly thing claws you!
You die...

.....#...+ ......... ..........
.....#...###......# ..#..........
.....#...##.......##..#..........
##....................#..........
..........(...........'........#.
......................#........#.
......................#........'.
.).#...###.........###........#.
#...###.....@....J...........
##..........#u#####'#........
.... #..........#y...............
.... #........).#........†)......
....##.†........#........∩.......
....#...†).....##...(...(......Z.
....#....).............(.........
....#....).......#...............
....#............#...............


You could see a cyan ugly thing, a jelly and a killer bee.

Vanquished Creatures
  Pikel (D:5)
  Psyche (D:9)
  Prince Ribbit (D:7)
  Sigmund (D:2)
  A hippogriff (D:9)
  Duvessa (D:7)
  A slave (D:5)
  3 orc warriors
  A wasp (D:9)
  2 ice beasts
  A sky beast (D:7)
  A necrophage (D:5)
  2 ogres
  A centaur (D:7)
  3 big kobolds
  Blork the orc (D:4)
  5 giant frogs
  Dowan (D:7)
  A wyvern zombie (D:6)
  2 scorpions
  A water moccasin zombie (D:5)
  18 killer bees (D:9)
  2 wyvern skeletons (D:7)
  4 wights (D:7)
  2 crimson imps
  A quasit (D:7)
  4 hounds
  A jelly (D:5)
  4 orc wizards
  3 giant frog skeletons
  An iguana (D:4)
  3 worker ants
  Terence (D:2)
  Ijyb (D:2)
  A hound zombie (D:5)
  A hound skeleton (D:5)
  A worker ant zombie (D:6)
  8 adders
  A shadow imp (D:5)
  2 adder skeletons (D:4)
  4 worms
  2 dart slugs (D:1)
  4 giant geckos
  9 orcs
  4 bats
  2 bat skeletons (D:3)
  2 bat zombies (D:3)
  2 giant cockroaches
  17 goblins
  7 hobgoblins
  23 jackals
  2 quokkas (D:4)
  2 ball pythons
  A giant gecko skeleton (D:9)
  6 giant newts
  2 goblin skeletons (D:5)
  A goblin zombie (D:5)
  3 hobgoblin zombies (D:5)
  23 kobolds
  A kobold skeleton (D:5)
  A kobold zombie (D:5)
  An orc skeleton (D:5)
  An orc zombie (D:5)
  2 quokka skeletons
  A quokka zombie (D:3)
  6 rats
220 creatures vanquished.

Vanquished Creatures (others)
  A quokka (D:2)
1 creature vanquished.

Grand Total: 221 creatures vanquished

Notes
Turn   | Place    | Note
--------------------------------------------------------------
     0 | D:1      | Lugonue the Minotaur Gladiator began the quest for the Orb.
     0 | D:1      | Reached XP level 1. HP: 18/18 MP: 0/0
   245 | D:1      | Reached skill level 4 in Axes
   451 | D:1      | Reached XP level 2. HP: 25/25 MP: 1/1
  1076 | D:2      | Noticed Terence
  1086 | D:2      | Killed Terence
  1086 | D:2      | Reached skill level 5 in Axes
  1086 | D:2      | Reached XP level 3. HP: 22/31 MP: 2/2
  1138 | D:2      | Reached skill level 1 in Armour
  1169 | D:2      | Noticed Sigmund
  1182 | D:2      | Found a radiant altar of Vehumet.
  1277 | D:2      | Noticed Ijyb
  1292 | D:2      | Killed Ijyb
  1299 | D:2      | Reached XP level 4. HP: 14/38 MP: 3/3
  1519 | D:2      | Killed Sigmund
  1519 | D:2      | Reached skill level 6 in Axes
  1519 | D:2      | Reached XP level 5. HP: 38/47 MP: 4/4
  1525 | D:2      | Found a white marble altar of Elyvilon.
  2003 | D:3      | Reached XP level 6. HP: 52/53 MP: 5/5
  2418 | D:3      | Found an ancient bone altar of Kikubaaqudgha.
  2780 | D:4      | Noticed Blork the orc
  2788 | D:4      | Killed Blork the orc
  2788 | D:4      | Reached skill level 5 in Fighting
  2836 | D:4      | Reached skill level 7 in Axes
  2991 | D:4      | Reached XP level 7. HP: 45/61 MP: 6/6
  2992 | D:4      | Found a staircase to the Ecumenical Temple.
  3006 | Temple   | Entered the Ecumenical Temple
  3401 | Temple   | Became a worshipper of Trog the Wrathful
  3702 | D:5      | Entered Level 5 of the Dungeon
  3714 | D:5      | Found Qyur's Weapon Shop.
  3793 | D:5      | Found an opulent altar of Gozag.
  4076 | D:5      | Reached skill level 5 in Armour
  4154 | D:5      | Reached skill level 8 in Axes
  4192 | D:5      | Noticed Pikel
  4349 | D:5      | Found a glowing golden altar of the Shining One.
  4381 | D:5      | Reached XP level 8. HP: 47/70 MP: 7/7
  4484 | D:5      | Killed Pikel
  4484 | D:5      | Reached skill level 9 in Axes
  5028 | D:6      | Found Wyorucia's Weapon Shoppe.
  5061 | D:6      | Reached * piety under Trog
  5061 | D:6      | Reached XP level 9. HP: 41/81 MP: 8/8
  5246 | D:6      | Found an oddly glowing altar of Pakellas.
  5372 | D:6      | Reached skill level 10 in Axes
  5511 | D:7      | Noticed Prince Ribbit
  5520 | D:7      | Killed Prince Ribbit
  5646 | D:7      | Noticed Duvessa
  5653 | D:7      | Noticed Dowan
  5657 | D:7      | Killed Duvessa
  5664 | D:7      | Killed Dowan
  5733 | D:7      | Reached skill level 11 in Axes
  5736 | D:7      | Reached ** piety under Trog
  5774 | D:7      | Found a burning altar of Makhleb.
  6000 | D:7      | You fall through a shaft for 2 floors!
  6028 | D:9      | Found Houkot's General Store.
  6145 | D:9      | Found a shattered altar of Ashenzari.
  6145 | D:9      | Found a glowing golden altar of the Shining One.
  6145 | D:9      | Found a shimmering altar of Xom.
  6220 | D:9      | Reached XP level 10. HP: 44/91 MP: 9/9
  6254 | D:9      | Reached skill level 12 in Axes
  6273 | D:9      | Reached *** piety under Trog
  6426 | D:9      | Reached skill level 10 in Fighting
  6447 | D:9      | HP: 4/93 [poisoned by a killer bee]
  6449 | D:9      | Noticed Psyche
  6464 | D:9      | Killed Psyche
  6488 | D:9      | HP: 4/93 [poisoned by a killer bee]
  6490 | D:9      | Noticed a cyan ugly thing
  6493 | D:9      | HP: 2/93 [killer bee (7)]
  6495 | D:9      | Slain by a cyan ugly thing

Vault maps used:
D:1:      dpeg_arrival_rhombi
D:2:      elyvilon_altar_4, fiery_altar_vehumet, corner_web_ring,
          kennysheep_crisscross, uniq_iyjb, uniq_sigmund, uniq_terence
D:3:      kennysheep_vampire_church
D:4:      kennysheep_the_goblin_king, minmay_temple_entry_glass,
          lightli_corner_chamber, uniq_blork_the_orc
D:5:      lemuel_crystal_altar, serial_shops, kennysheep_mini_moat, first_bread,
          nicolae_tso_besieged_by_evil, uniq_pikel
D:6:      grunt_pakellas_basics, serial_shops, shop
D:7:      makhleb_heckhound_becter, uniq_prince_ribbit1, uniq_duvessa
D:9:      overflow_temple_1_default, gammafunk_temple_overflow_claw,
          serial_shops, shop, david_nohive_1, uniq_psyche
Temple:   minmay_temple_forest_path_12

Skill      XL: |  1  2  3  4  5  6  7  8  9 10 |
---------------+-------------------------------+-----
Axes           | 4 5 6 7 8 9 11 12 | 12.5
Fighting       | 3 4 5 6 7 9 10 | 10.2
Armour         | 1 2 4 5 7 8 9 |  9.2
Throwing       | |  2.0
Dodging        | |  3.2

Action                   |  1- 3 |  4- 6 |  7- 9 | 10-12 || total
-------------------------+-------+-------+-------+-------++-------
Melee: War axe           |    67 |   131 |   281 |    58 ||   537
       Headbutt          |    11 |    22 |    49 |     9 ||    91
Throw: Throwing net      |     2 |     3 |     1 |       ||     6
Invok: Berserk           |       |       |     2 |     2 ||     4
       Trog's Hand       |       |       |       |     2 ||     2
  Use: Potion            |     1 |       |     6 |     4 ||    11
       Scroll            |     4 |     3 |     7 |       ||    14
 Stab: Held in net/web   |     1 |       |     1 |       ||     2
  Eat: Chunk             |     1 |     4 |     9 |       ||    14
       Pizza             |       |     1 |       |       ||     1
       Bread ration      |       |       |     1 |       ||     1
       Fruit             |       |       |       |     5 ||     5
Armor: Leather armour    |     4 |       |       |       ||     4
       Ring mail         |    11 |    52 |    96 |    32 ||   191
Dodge: Dodged            |    29 |    84 |   178 |    65 ||   356
